cohdb
Replays
Latest Replays
All Replays
Popular Replays
Top Player Replays
Match Explorer
How It Works
Community
CoH3 Stats
Reddit
Sign in to upload your games and track your stats! →
Sign in with Steam
Match 46976856
Unlisted
Match 46976856
Overview
Messages
Build Orders
End
Pioneer Squad
Selects Italian Coastal Battlegroup
Selects Coastal Reserves
Coastal Reserve
Coastal Reserve
Coastal Reserve
Construct Infanterie Kompanie
Construct Panzergrenadier Kompanie
Construct Luftwaffe Kompanie
Medical Bunker
221 Scout Car
Selects Artillery Officer
Selects Designate Defensive Line
Artillery Officer
Jäger Squad
Jäger Squad
Luftwaffe Officer Quarters
Selects Designated Artillery Overwatch
MG 42 Bunker
Support Elements
Wirbelwind Flakpanzer
Marder III M Tank Destroyer
MG 42 Bunker
Marder III M Tank Destroyer
Marin
PutPut-AutistInPerfection
Angrybirds
Ark Royal
0
0
Comments
sign in to comment!
No comments posted yet!